 Dungeon Crawl Stone Soup version 0.15-a0-734-g2b8d6ef (webtiles) character file.

4778 Infinimo the Geomancer (level 10, 0/50 HPs)
             Began as a Gargoyle Earth Elementalist on May 11, 2014.
             Was a Follower of Vehumet.
             Slain by a komodo dragon (6 damage)
             ... on Level 8 of the Dungeon.
             The game lasted 00:21:31 (11697 turns).

Infinimo the Geomancer (GrEE)                      Turns: 11697, Time: 00:21:31

HP   0/50        AC 12     Str 11      XL: 10   Next: 47%
MP  21/26        EV 12     Int 20      God: Vehumet [*.....]
Gold 483         SH  0     Dex 10      Spells:  5 memorised, 10 levels left

rFire  . . .     SeeInvis .     b - 16 stones
rCold  . . .     Clarity  .     c - +0 robe
rNeg   + + +     Conserve .     (no shield)
rPois  +         rCorr    .     (no helmet)
rElec  +         rRot     +     z - -1 cloak
SustAb . .       Spirit   .     (no gloves)
rMut   .         Warding  +     (no boots)
Gourm  .         Stasis   .     s - amulet of warding
MR     .....                    r - +3 ring of protection
                                F - ring "Huuhy" {+Fly rN+}

@: not resistant to hostile enchantments, unstealthy
A: life protection 1, electricity resistance, unbreathing, petrification
resistance, AC +7
a: Renounce Religion, Evoke Flight


You were on level 8 of the Dungeon.
You worshipped Vehumet.
Vehumet was aware of your devotion.
You were hungry.

You visited 2 branches of the dungeon, and saw 9 of its levels.

You collected 483 gold pieces.

Inventory:

Hand weapons
 A - a +2,+2 long sword of freezing
Missiles
 b - 16 stones (in hand)
Armour
 c - a +0 robe (worn)
 z - a -1 cloak (worn)
Magical devices
 k - a wand of magic darts (14) {unknown}
 q - a wand of frost (17)
 u - a wand of digging (16)
 y - a wand of slowing (5)
 C - a wand of digging (15)
Comestibles
 a - 11 bread rations
 p - 5 apples
 x - 5 meat rations
 I - a rotting chunk of orc flesh
Scrolls
 e - a scroll of fog
 g - 11 scrolls of remove curse
 o - 5 scrolls of teleportation
 v - 6 scrolls of identify
 D - a scroll of enchant weapon II
 E - a scroll of blinking
 G - a scroll of enchant weapon I
 H - a scroll of fear {unknown}
Jewellery
 r - a +3 ring of protection (right hand)
 s - an amulet of warding (around neck)
 t - an uncursed ring of sustain abilities
 F - the ring "Huuhy" (left hand) {+Fly rN+}
   (You found it on level 8 of the Dungeon)

   [ring of flight]

   It protects you from negative energy.
   It lets you fly.
Potions
 f - a potion of haste
 h - 8 potions of curing
 i - a potion of brilliance
 j - a potion of magic
 l - 3 potions of heal wounds
 m - a potion of invisibility
 n - a potion of agility
 w - a potion of resistance
 B - 2 potions of might {unknown}
Books
 d - a book of Geomancy

   Spells                             Type                      Level
   *Sandblast                         Earth                        1
   *Stoneskin                         Transmutation/Earth          2
   Passwall                           Transmutation/Earth          3
   *Stone Arrow                       Conjuration/Earth            3
   *Petrify                           Transmutation/Earth          4
   *Lee's Rapid Deconstruction        Earth                        5


   Skills:
 - Level 1.5 Dodging
 - Level 2.1 Stealth
 + Level 8.1 Spellcasting
 - Level 0.7 Transmutations
 * Level 14.5 Earth Magic


You had 10 spell levels left.
You knew the following spells:

 Your Spells              Type           Power        Failure   Level  Hunger
a - Sandblast             Erth           ######       1%          1    None
b - Stone Arrow           Conj/Erth      #####.       1%          3    None
c - Stoneskin             Trmt/Erth      #####.....   1%          2    None
d - Lee's Rapid Deconstr  Erth           ######....   1%          5    ####...
e - Petrify               Trmt/Erth      #####...     4%          4    ###....


Dungeon Overview and Level Annotations

Branches:
Dungeon (8/15)             Temple (1/1) D:7
   Lair: D:8-11

Altars:
Ashenzari
Cheibriados
Dithmenos
Elyvilon
Fedhas
Gozag
Makhleb
Nemelex Xobeh
Okawaru
Sif Muna
Trog
Vehumet
Xom
Yredelemnul
Zin
The Shining One


Innate Abilities, Weirdness & Mutations

You are resistant to torment.
You are immune to poison.
You are immune to rotting.
Your stone body is very resilient (AC +7).
You resist negative energy.
You are resistant to electric shocks.
You can survive without breathing.
You are immune to petrification.


Message History

b - 18 stones (in hand)
The komodo dragon bites you.
Casting: Sandblast
Confirm with . or Enter, or press ? or * to list all spells.
Aiming: Sandblast
Press: ? - help, Shift-Dir - straight line, f - komodo dragon
Aim: a komodo dragon The rocky blast hits the komodo dragon.
The komodo dragon is lightly wounded.
The komodo dragon bites you!
* * * LOW HITPOINT WARNING * * *
Casting: Sandblast
Confirm with . or Enter, or press ? or * to list all spells.
Aiming: Sandblast
Press: ? - help, Shift-Dir - straight line, f/p - komodo dragon
Aim: a komodo dragon (lightly wounded)
The rocky blast hits the komodo dragon.
The komodo dragon is lightly wounded.
The komodo dragon bites you.
You die... .# #.....#........#.....##<..... .####.....'........#.....##...... ..........#........#.....##.....( ...................#.....##...... ......####'################.....) ......# ##.## ##### #...... ..#'### #...# $Z$

#####+#
.....#####.#####l#
#....
.....##.##.##.##@##?#
#....
.....##.)(..........#
#....
.l...##.##(##.##.##(#
#....
...#######.#####.# #
##... ###### #...#
... #.... #....#
##### #.## ##....
.....### #.# #.....
.....'>#### ...
#.###. .....#.#..#
#.# #.# #.


You could see a komodo dragon and a yak skeleton.

Vanquished Creatures
  Maurice (D:8)
  Psyche (D:8)
  A spriggan (D:7)
  A hill giant skeleton (D:8)
  A hippogriff (D:7)
  2 orc warriors
  3 phantoms
  2 sky beasts
  A black bear (D:7)
  3 ogres
  Sigmund (D:2)
  A big kobold (D:8)
  3 centaurs
  6 giant frogs
  3 scorpions
  A troll zombie (D:8)
  A yak zombie (D:7)
  7 wights
  4 killer bees (D:8)
  5 crimson imps
  A goliath beetle (D:6)
  4 hounds
  4 jellies
  5 orc priests
  Crazy Yiuf (D:6)
  5 orc wizards
  4 iguanas
  6 worker ants
  A sky beast zombie (D:5)
  2 ogre skeletons
  A worker ant zombie (D:8)
  8 adders
  A shadow imp (D:8)
  2 giant mites
  2 worms
  7 giant geckos
  2 oozes
  13 orcs
  2 ball pythons
  8 giant cockroaches
  8 goblins
  12 hobgoblins
  14 jackals
  2 quokkas
  12 bats
  3 giant newts
  A giant spore (D:8)
  A gnoll zombie (D:8)
  A goblin zombie (D:5)
  A jackal skeleton (D:8)
  17 kobolds
  2 kobold skeletons
  8 rats
  A rat skeleton (D:4)
  A rat zombie (D:7)
211 creatures vanquished.

Notes
Turn   | Place    | Note
--------------------------------------------------------------
     0 | D:1      | Infinimo, the Gargoyle Earth Elementalist, began the quest for the Orb.
     0 | D:1      | Reached XP level 1. HP: 10/10 MP: 3/3
   270 | D:1      | Reached skill level 4 in Earth Magic
   289 | D:1      | Reached XP level 2. HP: 12/15 MP: 0/4
  1000 | D:1      | Reached XP level 3. HP: 19/19 MP: 2/6
  1040 | D:1      | Learned a level 3 spell: Stone Arrow
  2040 | D:2      | Found a shattered altar of Ashenzari.
  2087 | D:2      | Reached skill level 5 in Earth Magic
  2220 | D:2      | Reached XP level 4. HP: 24/24 MP: 5/8
  2440 | D:2      | Noticed Sigmund
  2454 | D:2      | Killed Sigmund
  2454 | D:2      | Reached skill level 6 in Earth Magic
  2454 | D:2      | Reached XP level 5. HP: 15/28 MP: 2/11
  2870 | D:3      | Paralysed by a potion of paralysis for 2 turns
  4361 | D:4      | Noticed a sky beast
  4374 | D:4      | Killed a sky beast
  4374 | D:4      | Reached skill level 7 in Earth Magic
  4374 | D:4      | Reached XP level 6. HP: 32/32 MP: 6/13
  4787 | D:5      | Entered Level 5 of the Dungeon
  5214 | D:4      | Reached XP level 7. HP: 32/36 MP: 4/17
  5314 | D:5      | Reached skill level 8 in Earth Magic
  5498 | D:5      | Learned a level 2 spell: Stoneskin
  5968 | D:5      | Reached skill level 9 in Earth Magic
  6133 | D:5      | Reached skill level 5 in Spellcasting
  6133 | D:5      | Reached XP level 8. HP: 26/41 MP: 0/20
  6143 | D:5      | Learned a level 5 spell: Lee's Rapid Deconstruction
  6148 | D:5      | Learned a level 4 spell: Petrify
  6639 | D:6      | Reached skill level 10 in Earth Magic
  6738 | D:6      | Noticed Crazy Yiuf
  6745 | D:6      | Killed Crazy Yiuf
  7621 | D:7      | Reached skill level 11 in Earth Magic
  7765 | D:7      | Reached XP level 9. HP: 29/45 MP: 17/22
  8338 | D:7      | Reached skill level 12 in Earth Magic
  8446 | D:7      | Found a staircase to the Ecumenical Temple.
  8459 | Temple   | Entered the Ecumenical Temple
  8704 | Temple   | Became a worshipper of Vehumet
  9314 | D:8      | Noticed Maurice
  9349 | D:8      | Killed Maurice
  9349 | D:8      | Reached skill level 13 in Earth Magic
  9818 | D:8      | Reached XP level 10. HP: 46/50 MP: 15/25
  9939 | D:8      | Found a bloodstained altar of Trog.
 10024 | D:8      | Noticed Psyche
 10028 | D:8      | Killed Psyche
 10363 | D:8      | Got a slimy silver ring
 10365 | D:8      | Identified the ring "Huuhy" {+Fly rN+} (You found it on level 8 of the Dungeon)
 10572 | D:8      | Acquired Vehumet's first power
 10572 | D:8      | Offered knowledge of Freeze by Vehumet.
 10645 | D:8      | Reached skill level 14 in Earth Magic
 10866 | D:8      | Found a snail-covered altar of Cheibriados.
 11693 | D:8      | Noticed a komodo dragon
 11697 | D:8      | Slain by a komodo dragon

Action                   |  1- 3 |  4- 6 |  7- 9 | 10-12 || total
-------------------------+-------+-------+-------+-------++-------
Melee: Unarmed           |     1 |     5 |     4 |       ||    10
       Short sword       |    20 |       |       |       ||    20
       Long sword        |       |       |       |    29 ||    29
 Cast: Sandblast         |    69 |   163 |   410 |   170 ||   812
       Stone Arrow       |       |       |     7 |    13 ||    20
       Stoneskin         |       |       |     1 |       ||     1
Evoke: Wand              |       |     1 |     2 |       ||     3
  Use: Scroll            |       |    13 |     6 |       ||    19
       Potion            |       |     4 |     1 |       ||     5
 Stab: Distracted        |       |     1 |       |       ||     1
